 Dungeon Crawl Stone Soup version 0.20-a0-945-g3bf614a (webtiles) character file.

17676 Multipenetrator the Blocker (level 12, -1/94 HPs)
             Began as a Formicid Fighter on Apr 2, 2017.
             Was an Elder of Wu Jian.
             Slain by a spiny frog (19 damage)
             ... on level 2 of the Lair of Beasts.
             The game lasted 04:10:52 (12483 turns).

Multipenetrator the Blocker (Formicid Fighter)     Turns: 12483, Time: 04:10:53

Health: -1/94      AC: 18    Str: 20    XL:     12   Next: 85%
Magic:  16/16      EV: 16    Int: 10    God:    Wu Jian [****..]
Gold:   480        SH:  8    Dex: 10    Spells: 5/11 levels left

rFire    + . .     SeeInvis +   E - +7 falchion of Fatigue {flame, rPois rF+ Dex-4}
rCold    . . .     Gourm    .   Q - +2 buckler {AC+3}
rNeg     . . .     Faith    .   g - +0 scale mail
rPois    +         Spirit   .   (helmet unavailable)
rElec    .         Reflect  .   r - +2 cloak
rCorr    .         Harm     +   z - +0 pair of gloves
MR       +....                  C - +0 pair of boots
Stlth    +.........             l - amulet of harm
Regen    0.3/turn               w - +4 ring of evasion
MPRegen  0.2/turn               (no ring)

@: no status effects
A: permanent stasis, dig shafts and tunnels, four strong arms, antennae 3
a: Dig, Shaft Self, Serpent's Lash, Renounce Religion


You were on level 2 of the Lair of Beasts.
You worshipped Wu Jian.
Wu Jian was greatly pleased with you.
You were hungry.

You visited 3 branches of the dungeon, and saw 15 of its levels.

You collected 634 gold pieces.
You spent 154 gold pieces at shops.

Inventory:

Hand Weapons
 a - the +8 whip "Oppun" {holy, +Inv Dex-3 SInv Stlth+}
   (You found it on level 6 of the Dungeon)

   It has been blessed by the Shining One to cause great damage to the undead
   and demons.
   It affects your dexterity (-3).
   It lets you see invisible.
   It lets you turn invisible.
   It makes you more stealthy.
 b - the +1 dagger of Fee Simple {speed, *Corrode rPois rF++ Str+3}
   (You found it on level 2 of the Lair of Beasts)

   Attacks with this weapon are significantly faster.
   It affects your strength (+3).
   It greatly protects you from fire.
   It protects you from poison.
   It may corrode you when you take damage.
 E - the +7 falchion of Fatigue (weapon) {flame, rPois rF+ Dex-4}
   (You found it on level 4 of the Dungeon)

   It has been specially enchanted to burn those struck by it, causing extra
   injury to most foes and up to half again as much damage against particularly
   susceptible opponents.
   Big, fiery blades are also staple armaments of hydra-hunters.
   It affects your dexterity (-4).
   It protects you from fire.
   It protects you from poison.
 S - a +2 hand axe of flaming
Missiles
 X - a throwing net (quivered)
Armour
 g - a +0 scale mail (worn)
 p - a scarf of cold resistance
 r - a +2 cloak (worn)
 z - a +0 pair of gloves (worn)
 C - a +0 pair of boots (worn)
 D - a +2 leather armour of fire resistance
 Q - a +2 buckler of protection (worn)
Magical Staves
 k - an uncursed staff of fire
 Z - an uncursed staff of summoning
Jewellery
 l - an amulet of harm (around neck)
 w - a +4 ring of evasion (left hand)
Wands
 v - a wand of scattershot (0/9)
 J - a wand of paralysis (9/24)
 L - a wand of clouds (0/9)
 M - a wand of lightning (0/15)
 R - a wand of paralysis (3/24)
 Y - a wand of confusion (28/48)
Scrolls
 d - 3 scrolls of magic mapping {unknown}
 i - 7 scrolls of remove curse
 j - a scroll of enchant armour {unknown}
 m - 3 scrolls of enchant weapon
 n - 3 scrolls of teleportation
 s - 2 scrolls of immolation
 x - a scroll of fear {unknown}
 y - 6 scrolls of amnesia
 K - 2 scrolls of recharging
 N - a scroll of silence
 O - 3 scrolls of identify
 U - a scroll of acquirement {unknown}
Potions
 e - 3 potions of degeneration
 t - 2 potions of lignification
 u - a potion of invisibility {unknown}
 A - a potion of brilliance {unknown}
 B - a potion of heal wounds {unknown}
 F - 4 potions of curing
 G - a potion of haste
 I - 3 potions of agility
 T - a potion of might
 W - a potion of magic {unknown}
Books
 H - the Volume of Torrid Summoning
   (You found it on level 9 of the Dungeon)

   Spells                             Type                      Level
   a - Summon Butterflies             Summoning                    1
   b - Conjure Flame                  Conjuration/Fire             3
   c - Summon Guardian Golem          Hexes/Summoning              3
   d - Sticky Flame                   Conjuration/Fire             4
   e - Summon Mana Viper              Hexes/Summoning              5
 P - a book of Cantrips

   Spells                             Type                      Level
   a - Confusing Touch                Hexes                        1
   b - Animate Skeleton               Necromancy                   1
   c - Summon Small Mammal            Summoning                    1
   d - Apportation                    Translocation                1
 V - a book of Maledictions

   Spells                             Type                      Level
   a - Corona                         Hexes                        1
   b - Ensorcelled Hibernation        Hexes/Ice                    2
   c - Confuse                        Hexes                        3
   d - Tukima's Dance                 Hexes                        3
   e - Dazzling Spray                 Conjuration/Hexes            3
Comestibles
 c - 10 chunks of flesh
 f - 4 bread rations
 h - 2 fruits
 o - 5 meat rations
 q - 4 royal jellies


   Skills:
 + Level 8.3 Fighting
 + Level 5.9 Long Blades
 - Level 3.4(6.2) Axes
 + Level 8.1(8.4) Maces & Flails
 + Level 10.3 Armour
 * Level 6.3 Dodging
 + Level 3.7 Stealth
 - Level 11.0 Shields
 + Level 3.1 Summonings
 + Level 0.6 Necromancy
 + Level 5.4 Evocations


You had 5 spell levels left.
You knew the following spells:

 Your Spells              Type           Power        Failure   Level  Hunger
a - Summon Butterflies    Summ           #.......     28%         1    ##.....
b - Animate Skeleton      Necr           N/A          75%         1    ##.....
c - Summon Small Mammal   Summ           #...         28%         1    ##.....
d - Summon Guardian Gole  Hex/Summ       #.......     97%         3    ####...


Dungeon Overview and Level Annotations

Branches:
Dungeon (12/15)            Temple (1/1) D:5            Lair (2/6) D:11
  Snake (0/4) Lair:2
  Swamp: Lair:2-4    Shoals: Lair:2-4       Orc: D:9-12

Altars:
Ashenzari
Dithmenos
Elyvilon
Fedhas
Hepliaklqana
Kikubaaqudgha
Okawaru
Qazlal
Sif Muna
Trog
Wu Jian
Xom
Yredelemnul
Zin
The Shining One

Shops:
D:10 !   D:11 }*


Innate Abilities, Weirdness & Mutations

You cannot be hasted, slowed, berserked, paralysed or teleported.
You can dig through walls and to a lower floor.
Your four strong arms can wield two-handed weapons with a shield.
You have a pair of large antennae on your head. (SInv)


Message History

The naga is distracted by your jump. The spiny frog stings you.
You attack the spiny frog from above.
You closely miss the spiny frog.
The spiny frog is lightly wounded.
The spiny frog misses you.
The naga shouts!
You slash the spiny frog! You burn the spiny frog.
The spiny frog is severely wounded.
The spiny frog closely misses you.
You riposte.
You barely miss the spiny frog.
The spiny frog is severely wounded.
The spiny frog barely misses you.
You attack the spiny frog from above.
You hit the spiny frog. You burn the spiny frog.
The spiny frog is severely wounded.
The spiny frog stings you!
* * * LOW HITPOINT WARNING * * *
You block the naga's attack.
You hit the spiny frog. You burn the spiny frog.
The spiny frog is almost dead.
The spiny frog stings you!
You die...

.P.##.....#...#..#.####.. ...
##...##...(...#...#..##.. .>.
#....##................<. ...
#.#.##................†. ...
####....#).............##.† ...
##..P......##.#........####.
...###.....#...#####........# #.#
...)....P......#####.#......###..
##...).........#@F.##..##....##..
#####P.......N§§§............Z..
#.........#...##P....P......
##..#.....##..##............
#........#####....#.#......
#.......#... #..............
##......#...........P.##....
#.#...#.#....#####....###...
#######.P.#.#.# #........#.#


You could see a spiny frog and a naga.

Vanquished Creatures
  Erolcha (D:10)
  3 two-headed ogres
  An unseen horror (D:11)
  3 cyclopes
  A spiny frog (Lair:2)
  2 gargoyles
  3 komodo dragons
  3 yaktaurs (D:12)
  A tormentor (D:11)
  Prince Ribbit (D:6)
  5 hippogriffs
  A shadow (D:12)
  3 wraiths
  5 yaks (Lair:2)
  2 wyverns (D:11)
  A basilisk (Lair:1)
  4 hungry ghosts
  A water moccasin (Lair:1)
  3 porcupines
  A swamp drake (D:11)
  4 orc warriors
  3 ice beasts
  A sky beast (D:5)
  10 ogres
  An eye of draining (D:8)
  3 necrophages
  6 phantoms
  3 crocodiles
  10 centaurs
  7 bullfrogs
  A gnoll sergeant (D:9)
  2 wyvern zombies
  4 scorpions
  4 killer bees (D:9)
  5 wights (D:7)
  7 howler monkeys
  7 crimson imps
  A bullfrog zombie (D:11)
  4 hounds
  4 orc priests
  3 centaur zombies
  5 jellies
  3 iguanas
  16 orc wizards
  8 worker ants
  A hound skeleton (D:5)
  2 hound zombies
  3 howler monkey zombies
  13 adders
  3 gnolls (D:5)
  2 shadow imps
  3 oozes
  An adder skeleton (D:9)
  A worm (D:2)
  9 leopard geckos
  38 orcs
  4 ball pythons
  6 giant cockroaches
  16 goblins
  10 hobgoblins
  10 jackals
  6 quokkas
  9 bats
  6 frilled lizards
  A jackal skeleton (D:9)
  5 kobolds
  A quokka skeleton (D:9)
  10 rats
327 creatures vanquished.

Vanquished Creatures (collateral kills)
  3 nagas (Lair:2)
3 creatures vanquished.

Vanquished Creatures (others)
  A fungus (Lair:2)
1 creature vanquished.

Grand Total: 331 creatures vanquished

Notes
Turn   | Place    | Note
-------+----------+-------------------------------------------
     0 | D:1      | Multipenetrator the Formicid Fighter began the quest for the Orb.
     0 | D:1      | Reached XP level 1. HP: 18/18 MP: 1/1
    77 | D:1      | Reached XP level 2. HP: 23/24 MP: 2/2
   125 | D:1      | Reached skill level 4 in Shields
   286 | D:1      | Reached XP level 3. HP: 29/29 MP: 3/3
  1043 | D:2      | Reached XP level 4. HP: 17/35 MP: 4/4
  1313 | D:2      | Reached skill level 5 in Shields
  1545 | D:2      | Found an iron altar of Okawaru.
  1569 | D:2      | Reached XP level 5. HP: 37/41 MP: 5/5
  2018 | D:3      | Reached skill level 1 in Maces & Flails
  2206 | D:3      | Found a shadowy altar of Dithmenos.
  2326 | D:3      | Reached XP level 6. HP: 48/48 MP: 6/6
  2360 | D:3      | Noticed an ogre
  2366 | D:3      | Killed an ogre
  2366 | D:3      | Reached skill level 1 in Dodging
  2366 | D:3      | Reached skill level 6 in Shields
  2649 | D:3      | You fall through a shaft for 2 floors!
  2649 | D:5      | Entered Level 5 of the Dungeon
  2655 | D:5      | Found a staircase to the Ecumenical Temple.
  2660 | Temple   | Entered the Ecumenical Temple
  2668 | Temple   | Became a worshipper of the Wu Jian Council
  2776 | D:4      | Noticed an ogre
  2826 | D:5      | Reached XP level 7. HP: 50/53 MP: 7/7
  2904 | D:5      | Reached * piety under Wu Jian
  2904 | D:5      | Reached skill level 7 in Shields
  3297 | D:5      | Reached skill level 8 in Shields
  3353 | D:6      | Noticed a two-headed ogre
  3367 | D:5      | Reached XP level 8. HP: 60/60 MP: 8/8
  3484 | D:6      | Got a translucent whip
  3485 | D:6      | Identified the +8 whip "Oppun" {holy, +Inv Dex-3 SInv Stlth+} (You found it on level 6 of the Dungeon)
  3513 | D:6      | Noticed Prince Ribbit
  3546 | D:6      | Killed Prince Ribbit
  3546 | D:6      | Reached skill level 9 in Shields
  3629 | D:7      | Reached skill level 10 in Shields
  4412 | D:4      | Got a polished falchion
  4420 | D:4      | Identified the +7 falchion of Fatigue {flame, rPois rF+ Dex-4} (You found it on level 4 of the Dungeon)
  4458 | D:4      | Reached XP level 9. HP: 59/65 MP: 9/9
  4497 | D:4      | Reached skill level 5 in Armour
  4717 | D:4      | Reached ** piety under Wu Jian
  5063 | D:5      | Reached skill level 5 in Fighting
  5466 | D:6      | Reached skill level 1 in Stealth
  5693 | D:7      | Reached skill level 11 in Shields
  5907 | D:7      | Noticed a hippogriff
  5924 | D:7      | Killed a hippogriff
  5934 | D:7      | Reached skill level 1 in Evocations
  5935 | D:7      | Found a glowing silver altar of Zin.
  5951 | D:7      | Found a bloodstained altar of Trog.
  5967 | D:7      | Noticed a hippogriff
  5984 | D:7      | Killed a hippogriff
  5984 | D:7      | Reached XP level 10. HP: 53/76 MP: 9/11
  6463 | D:6      | Killed a two-headed ogre
  6781 | D:7      | Reached skill level 5 in Maces & Flails
  6899 | D:8      | Found a hazy altar of Hepliaklqana.
  6950 | D:8      | Noticed a two-headed ogre
  6968 | D:8      | Killed a two-headed ogre
  7667 | D:8      | Reached XP level 11. HP: 83/83 MP: 14/14
  7895 | D:9      | Reached *** piety under Wu Jian
  8024 | D:9      | Identified the Volume of Torrid Summoning
  8028 | D:9      | Learned a level 1 spell: Summon Butterflies
  8030 | D:9      | Learned a level 1 spell: Animate Skeleton
  8298 | D:9      | Reached skill level 1 in Long Blades
  8516 | D:9      | Noticed a two-headed ogre
  8552 | D:9      | Killed a two-headed ogre
  9054 | D:9      | Reached **** piety under Wu Jian
  9319 | D:10     | Entered Level 10 of the Dungeon
  9368 | D:10     | Noticed Erolcha
  9383 | D:10     | Killed Erolcha
  9519 | D:10     | Found Imebbioxe's Distillery.
  9526 | D:10     | Bought a potion of agility for 56 gold pieces
  9526 | D:10     | Bought a potion of curing for 42 gold pieces
  9526 | D:10     | Bought a potion of might for 56 gold pieces
 10025 | D:11     | Noticed a cyclops
 10058 | D:11     | Reached skill level 5 in Evocations
 10075 | D:11     | Killed a cyclops
 10092 | D:11     | Reached skill level 10 in Armour
 10146 | D:11     | Found Hifiqus's General Store.
 10166 | D:11     | Reached XP level 12. HP: 60/91 MP: 15/15
 10252 | D:11     | Reached ***** piety under Wu Jian
 10353 | D:11     | Reached skill level 5 in Dodging
 10448 | D:11     | Found Tuitec's Gadget Boutique.
 10708 | D:11     | Noticed an unseen horror
 10816 | D:11     | Killed an unseen horror
 10816 | D:11     | Reached skill level 1 in Summonings
 10819 | D:11     | Learned a level 1 spell: Summon Small Mammal
 10879 | D:12     | HP: 1/92 [yaktaur/bolt (18)]
 10886 | D:12     | HP: 2/92 [yaktaur/bolt (10)]
 11510 | D:11     | Reached skill level 5 in Long Blades
 11572 | D:11     | Found a staircase to the Lair.
 11601 | D:11     | Learned a level 3 spell: Summon Guardian Golem
 11677 | Lair:1   | Entered Level 1 of the Lair of Beasts
 12430 | Lair:2   | Got a shimmering dagger
 12432 | Lair:2   | Identified the +1 dagger of Fee Simple {speed, *Corrode rPois rF++ Str+3} (You found it on level 2 of the Lair of Beasts)
 12445 | Lair:2   | Found a staircase to the Snake Pit.
 12483 | Lair:2   | Slain by a spiny frog

Vault maps used:
D:1:      lemuel_arrival_rhombus
D:2:      nicolae_overflow_crystal_walls, first_bread
D:3:      nicolae_overflow_hidden_temple
D:5:      temple_doors_ab
D:6:      minivault_1, minmay_misc_feat_chi, hangedman_decor_lopped,
          uniq_prince_ribbit1
D:7:      grunt_temple_overflow_open, uniq_duvessa
D:8:      basic_altar
D:9:      wad_arrow_thing
D:10:     serial_shops, shop_statue, uniq_erolcha
D:11:     erik_lair_dragon, serial_shops, shop, shop
D:12:     orc_0_dummy, uniq_nessos
Temple:   eino_narrow_crystal_temple
Lair:1:   grunt_megastairs_1
Lair:2:   minmay_snake_entry_guardpost_small

Skill      XL: |  1  2  3  4  5  6  7  8  9 10 11 12 |
---------------+-------------------------------------+-----
Shields        | 4 5 6 8 10 11 | 11.0
Maces & Flails | 1 3 5 7 8 |  8.1
Armour         | 4 7 8 10 | 10.3
Axes           | 3 |  3.4
Dodging        | 1 2 3 4 6 |  6.3
Fighting       | 4 5 6 7 8 |  8.3
Stealth        | 1 3 |  3.7
Evocations     | 1 4 5 |  5.4
Long Blades    | 3 5 |  5.9
Summonings     | 3 |  3.1
Necromancy     | |  0.6

Action                   |  1- 3 |  4- 6 |  7- 9 | 10-12 || total
-------------------------+-------+-------+-------+-------++-------
Melee: War axe           |    78 |    23 |    41 |       ||   142
       Whip              |    15 |   169 |   302 |   370 ||   856
       Long sword        |       |       |    13 |       ||    13
       Falchion          |       |       |     1 |   261 ||   262
       Hand axe          |       |       |       |    45 ||    45
Throw: Stone             |       |    36 |    23 |    17 ||    76
       Throwing net      |       |       |     4 |     1 ||     5
 Cast: Summon Butterflie |       |       |       |     8 ||     8
       Summon Small Mamm |       |       |       |     5 ||     5
       Animate Skeleton  |       |       |       |     2 ||     2
Invok: Serpent's Lash    |       |       |       |     4 ||     4
 Abil: Dig               |    17 |    20 |    14 |    19 ||    70
       Shaft Self        |       |     1 |       |       ||     1
       Evoke Invisibilit |       |       |       |     6 ||     6
Evoke: Wand              |       |     2 |       |     7 ||     9
  Use: Scroll            |       |     2 |       |     9 ||    11
       Potion            |       |       |       |     3 ||     3
 Stab: Held in net/web   |       |       |     2 |       ||     2
       Paralysed         |       |       |       |     4 ||     4
       Invisible         |       |       |       |     2 ||     2
       Sleeping          |       |       |       |     1 ||     1
  Eat: Chunk             |     4 |     8 |    12 |    24 ||    48
       Royal jelly       |       |       |       |     1 ||     1
       Fruit             |       |       |       |     1 ||     1
       Meat ration       |       |       |       |     1 ||     1
       Bread ration      |       |       |       |     1 ||     1
Armor: Scale mail        |    31 |    71 |    85 |   208 ||   395
Dodge: Dodged            |    30 |    51 |    93 |   332 ||   506
Block: Shield            |    57 |    86 |   153 |   141 ||   437
       Buckler           |       |       |       |   190 ||   190
       Rpst.: Long sword |       |       |     3 |       ||     3
       Falchion          |       |       |       |    42 ||    42
